 Dungeon Crawl Stone Soup version 0.29-a0-275-g389c0b56f3 (webtiles) character file.

Game seed: 12659869740436572678

1717 spaghetti the Nimble (level 9, 0/81 HPs)
             Began as an Octopode Brigand on Mar 12, 2022.
             Was an Initiate of Gozag.
             Killed from afar by a steam dragon (4 damage)
             ... with a ball of steam
             ... on level 6 of the Dungeon.
             The game lasted 00:13:41 (6997 turns).

spaghetti the Nimble (Octopode Brigand)             Turns: 6997, Time: 00:13:41

Health: 0/81       AC:  1    Str: 17    XL:     9   Next: 4%
Magic:  9/9        EV: 18    Int: 17    God:    Gozag
Gold:   263        SH:  3    Dex: 15    Spells: 6/8 levels left

rFire   + . .      SeeInvis .   a - +3 dagger {short}
rCold   . . .      Faith    .   r - +0 buckler
rNeg    . . .      Spirit   .   (helmet restricted)
rPois   .          Reflect  .   (no amulet)
rElec   .          Harm     .   m - +6 ring of intelligence
rCorr   .          Rampage  .   j - +6 ring of strength
Will    .....                   n - ring of protection from fire
Stlth   ..........              (no ring)
HPRegen 0.23/turn               (no ring)
MPRegen 0.11/turn               (no ring)
                                (no ring)
                                (no ring)

@: berserking, gold aura, attractive, very quick
A: almost no armour, amphibious, 8 rings, camouflage 1, gelatinous body 1,
(nimble swimmer 1), tentacles, clumsy 1, dopey 1, wild magic 1, MP-powered wands
a: Renounce Religion, Potion Petition, Call Merchant, Bribe Branch


You were on level 6 of the Dungeon.
You worshipped Gozag.
Gozag was aware of your devotion.
You visited 2 branches of the dungeon, and saw 7 of its levels.

You collected 306 gold pieces.
You paid 43 gold pieces to Gozag.


Innate Abilities, Weirdness & Mutations

You cannot wear most types of armour.
You are amphibious.
You can wear up to eight rings at the same time.
Your skin changes colour to match your surroundings (Stealth+).
Your rubbery body absorbs attacks. (AC +1, EV +1)
((You are camouflaged when in or above water. (Stealth+)))
You have tentacles for arms and can constrict up to eight enemies at once.
You are clumsy. (Dex -2)
You are dopey. (Int -2)
Your spells are a little harder to cast, but a little more powerful.
You expend magic power (3 MP) to strengthen your wands.


   Skills:
 - Level 2.0 Fighting
 - Level 2.0 Short Blades
 - Level 2.0 Throwing
 + Level 10.5 Dodging
 - Level 8.0 Stealth


You had 6 spell levels left.
You knew the following spells:

 Your Spells              Type           Power      Damage    Failure   Level
a - Blink                 Tloc           0%         N/A       52%         2

Your spell library contained the following spells:

 Spells                   Type           Power      Damage    Failure   Level
 Animate Skeleton         Necr           0%         N/A       41%         1
 Pain                     Necr           0%         1d4       41%         1
 Static Discharge         Conj/Air       0%         N/A       52%         2
 Vampiric Draining        Necr           0%         2d6       75%         3
 Lightning Bolt           Conj/Air       0%         1d11      100%        5
 Manifold Assault         Tloc           0%         N/A       100%        5
 Storm Form               Tmut/Air       0%         N/A       100%        7
 Maxwell's Capacitive Co  Air            0%         โˆž       100%        8

Inventory:

Hand Weapons
 a - a +3 dagger (weapon) {short}
 b - the +6 hunting sling "Wolebome" {venom, Int+4, sling}
   (You found it on level 3 of the Dungeon)

   Any ammunition fired from it poisons the flesh of those it strikes.
   Int:       It affects your intelligence (+4).
 g - a +2 quarterstaff of chaos {staff}
   (You took it off Crazy Yiuf on level 3 of the Dungeon)
 h - a +0 rapier {short}
   (You found it on level 4 of the Dungeon)
 q - a +0 mace of holy wrath {mace}
   (You found it on level 3 of the Dungeon)
 x - a +0 dagger of protection {short}
   (You took it off a goblin on level 3 of the Dungeon)
 y - a +0 lajatang {staff}
   (You found it on level 4 of the Dungeon)
Missiles
 c - 3 curare-tipped darts {=fthrowing}
 e - 76 stones {throwing}
 v - 10 poisoned darts (quivered) {throwing}
 D - 5 silver boomerangs {throwing}
Armour
 r - a +0 buckler (worn)
   (You found it on level 3 of the Dungeon)
Magical Staves
 l - a staff of conjuration {!a@e2staff}
   (You found it on level 2 of the Dungeon)
 E - a staff of air {!astaff}
   (You found it on level 6 of the Dungeon)
Jewellery
 j - a +6 ring of strength (right tentacle)
   (You found it on level 2 of the Dungeon)
 m - a +6 ring of intelligence (left tentacle)
   (You found it on level 2 of the Dungeon)
 n - a ring of protection from fire (on tentacle)
   (You found it on level 6 of the Dungeon)
 p - a ring of ice
   (You took it off a hobgoblin on level 3 of the Dungeon)
 t - a ring of resist corrosion
   (You took it off a hobgoblin on level 3 of the Dungeon)
 A - an amulet of faith {!P}
   (You found it on level 5 of the Dungeon)
Wands
 d - a wand of flame (16)
   (You found it on level 4 of the Dungeon)
 s - a wand of polymorph (3)
   (You found it on level 3 of the Dungeon)
 w - a wand of digging (10)
   (You took it off Crazy Yiuf on level 3 of the Dungeon)
Scrolls
 f - a scroll of enchant weapon
 z - 2 scrolls of noise {!r}
 B - a scroll of teleportation {@r4}
 C - a scroll of identify {@r1}
Potions
 i - a potion of flight
 k - 2 potions of curing {@q1}

Dungeon Overview and Level Annotations

Branches:
Dungeon (6/15)             Temple (1/1) D:4

Altars:
Ashenzari
Cheibriados
Dithmenos
Elyvilon
Fedhas
Gozag
Kikubaaqudgha
Makhleb
Nemelex Xobeh
Okawaru
Qazlal
Ru
Sif Muna
Trog
Uskayaw
Vehumet
Wu Jian
Xom
Yredelemnul
Zin
The Shining One

Shops:
D:4 [   D:5 *

Annotations:
D:1 2 transporters

##### # #####.##..## ###...
..'.##.. #..O...#.## ##.....
)##..##.D ##.###..### ##......
.#..#.##.. #..#..### ##.......
###..#.##o. ##.###$.# #........
#.....#.##.o#{.#..#### ##.......
##..#..#.##.D.###$.#.# ##.......
..##.#..#.##..#.D###.# ##....#...
#..##.#..#.#####@ยง#..###....#####
.#####.#..#.##..###.###....## o.#
##)#..#.##..#...#....## ###
##.#..#..###)#.#....# ## .#
##.#.....#..###...## ##. ##
##.#..###....#..## #.. #
##.#..#..##[#...## #.. #
##..##...###....# ##.. ..# $
##.'..#...#....## #...


You could see a steam dragon (catching breath).


Message History

You now have 263 gold pieces (gained 7).
A steam dragon, 2 orc wizards and an ogre come into view.
You shoot a sling bullet. The sling bullet hits the ogre.
The ogre is poisoned.
The ogre shouts!
The orc wizard shouts!
The steam dragon hisses angrily.
The ogre attacks as you move away! You block the ogre's attack.
The ogre attacks as you move away! The ogre closely misses you.
The orc wizard casts a spell.
The orc wizard flickers and vanishes!
Deactivating autopickup; reactivate with Ctrl-A.
There is an open door here.
The ogre attacks as you move away! The ogre closely misses you.
As you close the door, it creaks loudly!
An ogre opens the door.
You close the door.
An ogre opens the door.
You close the door.
An ogre opens the door.
You close the door.
An ogre opens the door.
You close the door.
An ogre opens the door.
You close the door.
An ogre breaks down the door.
It's broken and can't be closed.
Fire: b) +6 hunting sling "Wolebome" {venom, Int+4, sling}
Press: ? - help, Q - select action, (/) - cycle Shift-Dir - straight line, f/p - ogre
Aim: an ogre, wielding a +0 giant club (severely wounded, poisoned, 77% to hit)
You shoot a sling bullet. The sling bullet hits the ogre.
The ogre looks even sicker.
The ogre hits you with a +0 giant club!!
You hear a shout! ๐Ÿ˜ฎ HP[-22]
You take 22 damage, and now have 28/50 hp.
MASSIVE DAMAGE!! (PAUSE)
You kill the ogre!
You have reached level 9!
Your experience leads to an increase in your attributes!
Your base attributes are Str 11, Int 13, Dex 15.
Increase (S)trength, (I)ntelligence, or (D)exterity?
You feel agile. x2 ๐Ÿ˜ฎ HP[+3] MP[+1]
You now have 54 max hp (+4).
You regained 3 hp, and now have 31/54 hp.
Your mp is fully restored (9).
Fire: b) +6 hunting sling "Wolebome" {venom, Int+4, sling}
Press: ? - help, Q - select action, (/) - cycle Shift-Dir - straight line, f - steam dragon
Aim: a steam dragon (64% to hit)
You shoot a sling bullet.
Fire: b) +6 hunting sling "Wolebome" {venom, Int+4, sling}
Press: ? - help, Q - select action, (/) - cycle Shift-Dir - straight line, f/p - steam dragon
Aim: a steam dragon (64% to hit)
You shoot a sling bullet.
Reactivating autopickup.
You feel a bit more experienced. The steam dragon breathes steam at you.
The ball of steam hits you. You resist. ๐Ÿ˜ฎ HP[-3]
You take 3 damage, and now have 28/54 hp.
The +6 hunting sling "Wolebome" {venom, Int+4, sling} stops dripping with poison.
a - a +3 dagger (weapon)
{short} You start resting.
A steam dragon is nearby!
You hit the steam dragon. The steam dragon bites you.
* * * LOW HITPOINT WARNING * * *
The steam dragon claws you.
* * * LOW HITPOINT WARNING * * *
๐Ÿ˜จ HP[-4]
You take 4 damage, and now have 24/54 hp.
You hit the steam dragon but do no damage.
The steam dragon barely misses you. The steam dragon closely misses you.
Okay, then.
It was a potion of attraction.
You feel attractive to monsters. The steam dragon bites you!
* * * LOW HITPOINT WARNING * * *
The steam dragon claws you.
* * * LOW HITPOINT WARNING * * *
๐Ÿ˜ฑ HP[-13]
You take 13 damage, and now have 11/54 hp.
MASSIVE DAMAGE!! (PAUSE)
Okay, then.
Okay, then.
It was a potion of berserk rage.
A red film seems to cover your vision as you go berserk!
You feel yourself moving faster!
You feel mighty! The steam dragon breathes steam at you.
The ball of steam hits you. You resist.
* * * LOW HITPOINT WARNING * * *
๐Ÿ˜ฑ HP[+2]
You now have 81 max hp (+27).
You regained 2 hp, and now have 13/81 hp.
You hit the steam dragon.
The steam dragon bites you but does no damage.
You block the steam dragon's attack. ๐Ÿ˜ฑ HP[+1]
You closely miss the steam dragon. The steam dragon bites you!
* * * LOW HITPOINT WARNING * * *
The steam dragon claws you but does no damage. ๐Ÿ˜ฑ HP[-10]
You take 10 damage, and now have 4/81 hp.
You closely miss the steam dragon. The steam dragon breathes steam at you.
The ball of steam hits you. You resist.
You die...
Your body crumbles into a pile of gold.

Skill      XL: |  1  2  3  4  5  6  7  8 |
---------------+-------------------------+-----
Stealth        | 6 7 8 |  8.0
Dodging        | 2 4 6 7 10 | 10.5
Fighting       | |  2.0
Short Blades   | |  2.0
Throwing       | |  2.0

Action                   |  1- 3 |  4- 6 |  7- 9 || total
-------------------------+-------+-------+-------++-------
Melee: Dagger            |    55 |    98 |    57 ||   210
       Constrict         |    11 |    27 |    11 ||    49
       Tentacles         |     2 |    15 |    14 ||    31
       Punch             |     1 |     1 |     1 ||     3
       Hunting sling     |       |     1 |       ||     1
 Fire: Hunting sling     |       |    18 |    66 ||    84
Throw: Dart              |       |     8 |       ||     8
Evoke: Wand              |       |     7 |       ||     7
  Use: Scroll            |     4 |     4 |     1 ||     9
       Potion            |       |     4 |     4 ||     8
 Stab: Sleeping          |    18 |    13 |       ||    31
Armor: Skin              |     1 |    17 |     3 ||    21
Dodge: Dodged            |    17 |    40 |    58 ||   115
Block: Buckler           |       |     4 |    16 ||    20

Levels and vault maps discovered:
D:1:      spicycebolla_arrival_teleporter_tutorial, layout_loops_ring
D:2:      minmay_angry_zag, layout_basic, chequers_serial_rivers_large_a
D:3:      layout_basic, nicolae_overflow_hidden_temple,
          nicolae_ashenzari_panopticon, kennysheep_nondescript, uniq_robin,
          uniq_crazy_yiuf_cottage
D:4:      layout_loops_ring, eat_drink_and_be_merry_uskayaw,
          chequers_temple_overflow_statue_of_worship,
          mainiacjoe_overflow_chevrons, minmay_temple_entry_offerings,
          serial_shops, shop, minmay_vboxes, uniq_menkaure
D:5:      layout_basic, serial_shops, shop, minmay_diced_spiral, uniq_sigmund
D:6:      minmay_razor_zed, layout_cave_pods, nzn_wu_jian_council_hall
Temple:   eino_temple_water

Notes
Turn   | Place    | Note
-------+----------+-------------------------------------------
     0 | D:1      | spaghetti the Octopode Brigand began the quest for the Orb.
     0 | D:1      | Reached XP level 1. HP: 14/14 MP: 1/1
     0 | D:1      | magus.rc [v1.9.6]
   109 | D:1      | HP: 2/14 [goblin/+0 club (2)]
   433 | D:1      | Reached XP level 2. HP: 19/19 MP: 2/2
   436 | D:1      | Reached skill level 6 in Stealth
   961 | D:1      | Reached XP level 3. HP: 24/24 MP: 3/3
  1307 | D:2      | Reached skill level 7 in Stealth
  1585 | D:2      | Reached XP level 4. HP: 29/29 MP: 4/4
  2499 | D:3      | Reached skill level 8 in Stealth
  2570 | D:3      | Noticed Robin
  2582 | D:3      | Killed Robin
  2583 | D:3      | Reached skill level 2 in Dodging
  2588 | D:3      | Reached XP level 5. HP: 34/34 MP: 5/5
  2797 | D:3      | Found a runed translucent door.
  2799 | D:3      | Noticed Crazy Yiuf
  2907 | D:3      | Found a snail-covered altar of Cheibriados.
  3007 | D:3      | You add the spells Blink, Manifold Assault and Storm Form
                  | to your library.
  3019 | D:3      | Found a broken altar of Ashenzari.
  3053 | D:3      | Reached skill level 3 in Dodging
  3178 | D:3      | Identified the +0 pair of boots of the World {rPois Will+
                  | Regen+}
  3258 | D:3      | Identified the +6 hunting sling "Wolebome" {venom, Int+4}
  3447 | D:3      | Killed Crazy Yiuf
  4012 | D:4      | Reached skill level 4 in Dodging
  4012 | D:4      | Reached XP level 6. HP: 33/39 MP: 6/6
  4077 | D:4      | Noticed Menkaure
  4082 | D:4      | HP: 9/39 [phantom (8)]
  4087 | D:4      | Reached skill level 5 in Dodging
  4245 | D:4      | Found a hide-covered altar of Uskayaw.
  4257 | D:4      | You pick up a book of Lightning and begin reading...
  4257 | D:4      | You add the spells Static Discharge, Lightning Bolt and
                  | Maxwell's Capacitive Coupling to your library.
  4301 | D:4      | Found a white marble altar of Elyvilon.
  4369 | D:4      | Found a staircase to the Ecumenical Temple.
  4376 | D:4      | You pick up a book of Necromancy and begin reading...
  4376 | D:4      | You add the spells Pain, Animate Skeleton and Vampiric
                  | Draining to your library.
  4402 | D:4      | Found Jaabo's Armour Shoppe.
  4404 | D:4      | Found a sacrificial altar of Ru.
  4405 | D:4      | Found a glowing silver altar of Zin.
  4542 | D:4      | Killed Menkaure
  4543 | D:4      | Reached skill level 6 in Dodging
  4543 | D:4      | Reached XP level 7. HP: 25/45 MP: 7/7
  4870 | D:5      | Entered Level 5 of the Dungeon
  5047 | Temple   | Entered the Ecumenical Temple
  5175 | Temple   | magus.rc [v1.9.6]
  5201 | D:5      | Reached skill level 7 in Dodging
  5304 | D:5      | Found Ypnix's General Store.
  5386 | Temple   | Became a worshipper of Gozag Ym Sagoz the Greedy
  5402 | D:4      | Learned a level 2 spell: Blink
  5532 | D:5      | Reached XP level 8. HP: 50/50 MP: 8/8
  5551 | D:5      | Noticed Sigmund
  5560 | D:5      | Killed Sigmund
  5561 | D:5      | Reached skill level 8 in Dodging
  5653 | D:5      | Gained mutation: You are clumsy. (Dex -2) [potion of
                  | mutation]
  5653 | D:5      | Gained mutation: You expend magic power (3 MP) to
                  | strengthen your wands. [potion of mutation]
  5653 | D:5      | Gained mutation: You are dopey. (Int -2) [potion of
                  | mutation]
  5653 | D:5      | Gained mutation: Your spells are a little harder to cast,
                  | but a little more powerful. [potion of mutation]
  6227 | D:6      | Reached skill level 9 in Dodging
  6479 | D:6      | Found an ornate altar of the Wu Jian Council.
  6874 | D:6      | Reached skill level 10 in Dodging
  6984 | D:6      | Reached XP level 9. HP: 31/54 MP: 9/9
  6992 | D:6      | HP: 11/54 [steam dragon (3)]
  6996 | D:6      | HP: 4/81 [steam dragon (10)]
  6997 | D:6      | Killed from afar by a steam dragon

Vanquished Creatures
  Sigmund (D:5)
  Menkaure (D:4)
  A water moccasin (D:6)
  An orc warrior (D:6)
  A black bear (D:5)
  An ogre (D:6)
  A sky beast (D:6)
  A phantom (D:4)
  A centaur (D:6)
  A necrophage (D:5)
  A bullfrog (D:4)
  3 scorpions
  A jelly (D:4)
  Crazy Yiuf (D:3)
  4 hounds (D:5)
  2 iguanas (D:5)
  3 orc wizards
  Robin (D:3)
  9 adders
  A gnoll (D:5)
  2 ufetubi (D:5)
  A dart slug (D:1)
  11 orcs
  3 bats
  7 endoplasms
  4 giant cockroaches
  18 goblins
  11 hobgoblins
  4 jackals (D:2)
  5 kobolds
  4 quokkas
  8 ball pythons
  5 frilled lizards
  5 rats
124 creatures vanquished.

Table legend:
 A = Non-vault XP
 B = Vault XP
 C = Vault XP percentage of total XP
 D = Non-vault monster count
 E = Vault monster count
 F = Vault count percentage of total count
                 A         B        C        D         E       F
            +---------+---------+-------+---------+---------+-------
      Total |    1398 |    1056 |  43.0 |      88 |      36 |  29.0
            +---------+---------+-------+---------+---------+-------
        D:1 |      40 |       0 |   0.0 |      21 |       0 |   0.0
        D:2 |      54 |      12 |  18.2 |      18 |       7 |  28.0
        D:3 |      98 |      79 |  44.6 |      20 |      14 |  41.2
        D:4 |     273 |     174 |  38.9 |      11 |       5 |  31.2
        D:5 |     601 |     326 |  35.2 |      12 |       5 |  29.4
        D:6 |     332 |     465 |  58.3 |       6 |       5 |  45.5
            +---------+---------+-------+---------+---------+-------

Illustrated notes

Table legend:
 A = Kills in this place as a percentage of kills in entire the game.
 B = Kills by you in this place as a percentage of kills by you in the entire game.
 C = Kills by friends in this place as a percentage of kills by friends in the entire game.
 D = Other kills in this place as a percentage of other kills in the entire game.
 E = Experience gained in this place as a percentage of experience gained in the entire game.
 F = Experience gained in this place divided by the number of levels of this place that you have seen.
                   A       B       C       D       E      F
               +-------+-------+-------+-------+-------+----------------------
         Total | 100.0 | 100.0 |   N/A |   N/A | 100.0 | 350.6
       Dungeon | 100.0 | 100.0 |   N/A |   N/A | 100.0 | 409.0
               +-------+-------+-------+-------+-------+----------------------

Table legend: (Time is in decaauts)
 A = Elapsed time spent in this place.
 B = Non-inter-level travel time spent in this place.
 C = Inter-level travel time spent in this place.
 D = Time resting spent in this place.
 E = Time spent auto-exploring this place.
 F = Levels seen in this place.
 G = Mean time per level.
                   A        B        C        D        E       F      G
               +--------+--------+--------+--------+--------+-----+--------+
         Total |   7014 |   6418 |    596 |   1292 |   4237 |   7 | 1002.0 |
       Dungeon |   6856 |   6283 |    573 |   1292 |   4148 |   6 | 1142.7 |
        Temple |    158 |    135 |     23 |      0 |     89 |   1 |  158.0 |
               +--------+--------+--------+--------+--------+-----+--------+

Top non-repeatable levels by time:
     D:3: 1522 daAuts
     D:2: 1283 daAuts
     D:5: 1194 daAuts
     D:1: 1135 daAuts
     D:4: 998 daAuts
     D:6: 722 daAuts
  Temple: 158 daAuts
